 Seeded DCSS version 0.29-a0-23-ga79f92ac9c (webtiles) character file.

Game seed: 10000000000011 (custom seed)

130769 knot the Executioner (level 16, -2/108 HPs)
             Began as a Demonspawn Berserker on Jan 30, 2022.
             Was a Priest of Trog.
             Slain by a deep elf knight (4 damage)
             ... on level 1 of the Elven Halls.
             The game lasted 02:27:30 (56008 turns).

knot the Executioner (Demonspawn Berserker)        Turns: 56008, Time: 02:27:31

Health: -2/108     AC: 25    Str: 19    XL:     16   Next: 53%
Magic:  0/16       EV: 11    Int: 16    God:    Trog [***...]
Gold:   2607       SH:  0    Dex: 14    Spells: 15/15 levels left

rFire   . . .      SeeInvis .   E - +3 battleaxe (freeze)
rCold   + + .      Faith    .   (shield currently unavailable)
rNeg    . . .      Spirit   +   I - +1 chain mail of Urghimes {Fly rPois rC+ Slay-2 Stlth+}
rPois   +          Reflect  .   k - +0 helmet "Xenicw" {rC+}
rElec   .          Harm     .   s - +1 cloak {Stlth+}
rCorr   .          Rampage  .   (gloves unavailable)
Will    ++...                   R - +2 pair of boots
Stlth   +.........              L - amulet of the acrobat
HPRegen 0.28/turn               t - ring of the Albatross {Will+ Dex+2}
MPRegen 0.30/turn               n - +4 ring of protection

@: mighty, silenced, on berserk cooldown, flying, hasted and slowed
A: powered by death 2, magic shield, magic regeneration, magic link, sturdy
frame 2, demonic touch 3
a: Renounce Religion


You were on level 1 of the Elven Halls.
You worshipped Trog.
Trog was most pleased with you.
You visited 6 branches of the dungeon, and saw 27 of its levels.
You also visited: Gauntlet.

You collected 2947 gold pieces.
You spent 340 gold pieces at shops.

Inventory:

Hand Weapons
 a - a +2 hand axe of flaming
 E - a +3 battleaxe of freezing (weapon)
 Q - a +0 vorpal battleaxe
Missiles
 f - 593 stones (quivered)
 i - 3 javelins
 l - 4 poisoned darts
 x - 50 sling bullets
Armour
 k - the +0 helmet "Xenicw" (worn) {rC+}
   (You found it in a Gauntlet)

   rC:        It protects you from cold.
 o - the +0 leather armour of Lodamu {rC+ SInv}
   (You found it on level 4 of the Lair of Beasts)

   rC:        It protects you from cold.
   SInv:      It lets you see invisible.
 r - a +2 robe of fire resistance
 s - a +1 cloak of stealth (worn)
 B - the +3 hat of Pondering {ponderous, Will+ MP+10 Int+5}
   (You found it on level 8 of the Dungeon)

   Int:       It affects your intelligence (+5).
   MP:        It affects your magic capacity (+10).
   Will:      It increases your willpower.
 I - the +1 chain mail of Urghimes (worn) {Fly rPois rC+ Slay-2 Stlth+}
   (You bought it in a shop on level 3 of the Dungeon)

   Slay:      It affects your accuracy & damage with ranged weapons and melee
   (-2).
   rC:        It protects you from cold.
   rPois:     It protects you from poison.
   Fly:       It grants you flight.
   Stlth:     It makes you more stealthy.
 J - the +1 scale mail of Wrong Decisions {Will+ Str+2 Dex+3}
   (You took it off a minotaur in a Gauntlet)

   Str:       It affects your strength (+2).
   Dex:       It affects your dexterity (+3).
   Will:      It increases your willpower.
 R - a +2 pair of boots (worn)
Jewellery
 j - a ring of fire
 n - a +4 ring of protection (right hand)
 t - the ring of the Albatross (left hand) {Will+ Dex+2}
   (You took it off a spriggan druid on level 2 of the Swamp)

   [ring of willpower]

   Dex:       It affects your dexterity (+2).
   Will:      It increases your willpower.
 y - a ring of resist corrosion
 D - a ring of willpower
 L - an amulet of the acrobat (around neck)
 P - a ring of flight
 S - a ring of protection from fire
 U - a ring of willpower
Wands
 p - a wand of digging (3)
 q - a wand of acid (2)
 F - a wand of paralysis (10)
Scrolls
 b - a scroll of magic mapping
 c - 4 scrolls of amnesia
 v - 3 scrolls of holy word
 w - 3 scrolls of teleportation
 G - 2 scrolls of fog
 H - 2 scrolls of silence
 T - 5 scrolls of identify
Potions
 d - 2 potions of magic
 e - 2 potions of curing
 g - a potion of lignification
 u - a potion of brilliance
 z - a potion of mutation
 A - a potion of berserk rage
 C - 6 potions of attraction
 K - a potion of haste
 N - a potion of flight


   Skills:
 * Level 4.8 Fighting
 - Level 21.9 Axes
 * Level 12.8 Throwing
 * Level 12.7 Armour
 * Level 3.9 Dodging


You had 15 spell levels left.
You didn't know any spells.
Your spell library contained the following spells:

 Spells                   Type           Power      Damage    Failure   Level
 Pain                     Necr           0%         1d4       56%         1
 Sandblast                Erth           0%         2d4       56%         1
 Slow                     Hex            0%         N/A       56%         1
 Corpse Rot               Necr/Air       0%         N/A       71%         2
 Ensorcelled Hibernation  Hex/Ice        0%         N/A       71%         2
 Passwall                 Tmut/Erth      0%         N/A       71%         2
 Poisonous Vapours        Pois/Air       0%         N/A       71%         2
 Static Discharge         Conj/Air       0%         N/A       71%         2
 Confusing Touch          Hex            0%         N/A       90%         3
 Dazzling Flash           Conj/Hex       0%         N/A       90%         3
 Ozocubu's Armour         Ice            0%         N/A       90%         3
 Stone Arrow              Conj/Erth      0%         3d7       90%         3
 Summon Guardian Golem    Hex/Summ       0%         N/A       90%         3
 Swiftness                Air            0%         N/A       90%         3
 Tukima's Dance           Hex            0%         N/A       90%         3
 Vampiric Draining        Necr           0%         2d6       90%         3
 Anguish                  Hex/Necr       0%         N/A       100%        4
 Animate Armour           Summ/Erth      0%         N/A       100%        4
 Passage of Golubria      Tloc           0%         N/A       100%        4
 Agony                    Necr           0%         N/A       100%        5
 Excruciating Wounds      Necr           0%         N/A       100%        5
 Lightning Bolt           Conj/Air       0%         1d11      100%        5
 Metabolic Englaciation   Hex/Ice        0%         N/A       100%        5
 Silence                  Hex/Air        0%         N/A       100%        5
 Yara's Violent Unravell  Hex/Tmut       0%         3d3       100%        5
 Simulacrum               Ice/Necr       0%         N/A       100%        6
 Enfeeble                 Hex            0%         N/A       100%        7
 Orb of Destruction       Conj           0%         9d5       100%        7
 Spellforged Servitor     Conj/Summ      0%         N/A       100%        7
 Lehudib's Crystal Spear  Conj/Erth      0%         10d2      100%        8
 Maxwell's Capacitive Co  Air            0%         ∞         100%        8


Dungeon Overview and Level Annotations

Branches:
Dungeon (15/15)            Temple (1/1) D:4            Lair (6/6) D:9
  Swamp (2/4) Lair:2       Spider (0/4) Lair:3        Slime (0/5) Lair:6
    Orc (2/2) D:12            Elf (1/3) Orc:2        Vaults (0/5) D:14
 Depths (0/4) D:15        Gauntlet (visited)

Altars:
Dithmenos
Elyvilon
Hepliaklqana
Kikubaaqudgha
Nemelex Xobeh
Okawaru
Qazlal
Ru
Uskayaw
Wu Jian
Xom
Jiyva

Shops:
D:3 [   D:8 :   Orc:2 (([(   Elf:1 (

Annotations:
D:8 2 runed translucent doors, fragbeetle's ghost, novice HOCA
Lair:3 3 runed translucent doors, Lupesig's ghost, journeyman MiFi; Ruicvywi's ghost, journeyman OgTm; Snorg
Lair:5 Rupert
Swamp:2 3 runed translucent doors, Juher's ghost, adept DDFi; Maossif's ghost, adept MfMo; Xonepos's ghost, adept MiFi; ardl's ghost, adept VSVM


Innate Abilities, Weirdness & Mutations

You regenerate health from kills.
When hurt, damage is shared between your health and your magic reserves.
You regenerate magic rapidly.
When low on magic, you restore magic in place of health.
Your movements are less encumbered by armour. (ER -4)
Your touch may irresistibly damage your foes and sap their willpower.


Message History

A lance of force appears from out of thin air!
The lance of force misses you.
Okay, then.
You are confused.
You feel invigorated. Something hits you.
* * * LOW HITPOINT WARNING * * *
Unknown command.
You hear some strange, mumbled words.
A shard of ice appears from out of thin air!
The shard of ice misses you. Something hits you but does no damage.
Something closely misses you.
You bump into the rock wall.
Something hits you but does no damage. x2
Unknown command.
You bump into the rock wall.
You feel less invigorated.
You feel less confused. Something hits you.
Something hits you but does no damage.
Unknown command.
You can't see any enemies this would affect, really read the scroll of silence?
As you read the scroll of silence, it crumbles to dust.
A profound silence engulfs you. Something hits you.
Something hits you but does no damage. Something hits you!
Unknown command.
Something hits you but does no damage.
You miss something. Something hits you but does no damage.
You closely miss something. Something hits you!
* * * LOW HITPOINT WARNING * * *
Something hits you but does no damage.
You closely miss something. Something hits you!
* * * LOW HITPOINT WARNING * * *
Something hits you.
* * * LOW HITPOINT WARNING * * *
You feel very mighty all of a sudden. Something hits you.
* * * LOW HITPOINT WARNING * * *
Something hits you!
* * * LOW HITPOINT WARNING * * *
You feel yourself speed up. Something hits you.
* * * LOW HITPOINT WARNING * * *
Something hits you.
You die...

#.## #..#
##.# #.# #.#
#.# #.#
#.#########..
#....@.......
############.


There were no monsters in sight!

Vanquished Creatures
  Mlioglotl (Lair:2)
  A sphinx (D:15)
  Kirke (D:12)
  An ironbound preserver (D:14)
  An eleionoma (Lair:2)
  A dire elephant (Gauntlet)
  A minotaur (Gauntlet)
  5 bunyips
  An ettin (D:15)
  A rakshasa (D:14)
  A yaktaur captain (D:15)
  4 boulder beetles
  3 ogre magi
  17 hydras
  A ghost crab (Swamp:2)
  Harold (D:8)
  2 death knights
  3 centaur warriors
  Erica (D:8)
  21 two-headed ogres
  5 alligators
  5 death yaks (Lair:6)
  A deep elf knight (Elf:1)
  5 goliath frogs
  A skeletal warrior (D:13)
  2 deep trolls
  3 bog bodies
  A spriggan druid (Swamp:2)
  A swamp dragon (Swamp:1)
  A wizard (D:15)
  A deep elf archer (Elf:1)
  An orc knight (D:14)
  A necromancer (D:15)
  3 deep elf zephyrmancers (Elf:1)
  2 orc sorcerers
  7 deep elf pyromancers
  2 manticores (D:12)
  3 ugly things
  4 will-o-the-wisps (Swamp:2)
  10 elephants
  8 cyclopes
  7 black mambas
  A torpor snail (Gauntlet)
  A naga mage (D:15)
  A gargoyle (D:14)
  A yaktaur (D:15)
  27 cane toads
  2 unseen horrors
  A tengu conjurer (D:14)
  An efreet (D:15)
  8 freezing wraiths
  4 rime drakes (Lair:5)
  12 komodo dragons
  A kobold demonologist (D:5)
  9 trolls
  10 tyrant leeches
  5 hornets
  4 polar bears
  Prince Ribbit (D:8)
  24 blink frogs
  11 dream sheep
  9 slime creatures
  A jumping spider (shapeshifter) (D:14)
  4 flying skulls (Gauntlet)
  A culicivora (shapeshifter) (D:15)
  7 spriggans
  37 yaks
  A shadow (D:13)
  3 wraiths
  4 basilisks
  A human (shapeshifter) (D:11)
  4 hogs (D:12)
  22 vampire mosquitoes
  5 swamp worms
  An acid dragon (D:9)
  17 water moccasins
  A swamp drake (Swamp:1)
  3 black bears
  A necrophage (D:6)
  12 orc warriors
  23 ogres
  30 wolves
  8 centaurs
  A phantom (D:6)
  6 scorpions
  2 wyvern zombies (D:7)
  16 bullfrogs
  A wyvern skeleton (D:7)
  A hornet simulacrum (D:15)
  8 killer bees
  9 wights
  7 howler monkeys
  5 centaur zombies
  6 orc priests
  3 hounds
  2 jellies
  2 bullfrog skeletons
  4 centaur skeletons
  A gnoll shaman (Orc:1)
  An iguana (D:8)
  Ijyb (D:3)
  8 orc wizards
  A scorpion zombie (D:5)
  4 gnolls (Orc:1)
  7 adders
  A river rat (D:4)
  A shadow imp (D:7)
  A white imp (D:5)
  A worm (Lair:1)
  35 orcs
  7 bats
  6 endoplasms
  2 giant cockroaches
  5 goblins
  5 hobgoblins
  14 jackals
  2 quokkas (D:4)
  4 ball pythons
  5 frilled lizards
  6 kobolds
  6 rats
  A bush (Lair:2)
659 creatures vanquished.

Vanquished Creatures (collateral kills)
  An ice beast (D:7)
  A kobold brigand (D:7)
  A kobold (D:7)
3 creatures vanquished.

Vanquished Creatures (others)
  A two-headed ogre (D:11)
  A deep elf knight (Elf:1)
  A yak (D:8)
  A bush (Lair:6)
  20 foxfires (Swamp:2)
  98 fungi
  147 plants
  4 starspawn tentacles
  8 withered plants
281 creatures vanquished.

Grand Total: 943 creatures vanquished

Notes
Turn   | Place    | Note
-------+----------+-------------------------------------------
     0 | D:1      | knot the Demonspawn Berserker began the quest for the Orb.
     0 | D:1      | Reached XP level 1. HP: 18/18 MP: 1/1
    51 | D:1      | Reached skill level 3 in Axes
   144 | D:1      | Gained mutation: You regenerate magic rapidly. [demonic
                  | ancestry]
   144 | D:1      | Reached XP level 2. HP: 14/24 MP: 2/2
  1311 | D:2      | Gained mutation: Your touch may inflict minor irresistible
                  | damage on your foes. [demonic ancestry]
  1311 | D:2      | Reached XP level 3. HP: 19/29 MP: 3/3
  1583 | D:2      | Reached skill level 4 in Axes
  1971 | D:2      | Reached XP level 4. HP: 35/35 MP: 4/4
  2357 | D:3      | Noticed an ogre
  2364 | D:3      | Killed an ogre
  2365 | D:3      | Reached skill level 5 in Axes
  2365 | D:3      | Reached skill level 1 in Throwing
  2365 | D:3      | Reached XP level 5. HP: 41/41 MP: 5/5
  2591 | D:3      | Found Daocsar's Antique Armour Emporium.
  2906 | D:4      | Reached ** piety under Trog
  3192 | D:4      | Noticed Duvessa
  3196 | D:4      | Noticed Dowan
  3196 | D:4      | Noticed Ijyb
  3396 | D:3      | HP: 2/54 [Ijyb (3)]
  3398 | D:3      | Killed Ijyb
  3766 | D:4      | Gained mutation: Your touch may inflict irresistible damage
                  | on your foes. [demonic ancestry]
  3766 | D:4      | Reached XP level 6. HP: 28/47 MP: 6/6
  4078 | D:4      | Found a staircase to the Ecumenical Temple.
  4184 | D:4      | Noticed Duvessa
  4184 | D:4      | Duvessa changed into Duvessa the river rat
  4205 | D:4      | Killed Duvessa the river rat
  4234 | Temple   | Entered the Ecumenical Temple
  4504 | D:4      | Noticed Dowan
  4504 | D:4      | Dowan changed into Dowan the quokka
  4508 | D:4      | Killed Dowan the quokka
  4561 | D:3      | Bought a runed cloak for 150 gold pieces
  4695 | D:5      | Entered Level 5 of the Dungeon
  4704 | D:5      | Noticed a kobold demonologist
  4713 | D:5      | Killed a kobold demonologist
  4714 | D:5      | Reached skill level 6 in Axes
  4714 | D:5      | Gained mutation: When hurt, damage is shared between your
                  | health and your magic reserves. [demonic ancestry]
  4714 | D:5      | Reached XP level 7. HP: 52/52 MP: 7/7
  5017 | D:5      | Killed an unseen horror
  5421 | D:5      | Reached skill level 7 in Axes
  5421 | D:5      | Reached skill level 5 in Throwing
  5535 | D:5      | Gained mutation: You regenerate a little health from kills.
                  | [demonic ancestry]
  5535 | D:5      | Reached XP level 8. HP: 58/58 MP: 6/8
  5924 | D:5      | Found a hide-covered altar of Uskayaw.
  6147 | D:6      | Reached skill level 8 in Axes
  6654 | D:6      | Found an iron altar of Okawaru.
  7059 | D:7      | Found a sacrificial altar of Ru.
  7159 | D:7      | Gained mutation: Your touch may irresistibly damage your
                  | foes and sap their willpower. [demonic ancestry]
  7159 | D:7      | Reached XP level 9. HP: 50/62 MP: 6/9
  7248 | D:7      | Noticed Joseph
  7251 | D:7      | Noticed Joseph
  7251 | D:7      | Joseph changed into Joseph the howler monkey
  7263 | D:7      | Killed Joseph the howler monkey
  7850 | D:7      | Reached skill level 9 in Axes
  8114 | D:6      | Found a sparkling altar of Nemelex Xobeh.
  8114 | D:6      | Found a shimmering altar of Xom.
  8117 | D:6      | Found an ornate altar of the Wu Jian Council.
  8244 | D:8      | Noticed Harold
  8257 | D:8      | Killed Harold
  8460 | D:8      | Noticed a two-headed ogre
  8474 | D:8      | Killed a two-headed ogre
  8475 | D:8      | Reached skill level 10 in Axes
  8475 | D:8      | Reached XP level 10. HP: 70/70 MP: 10/10
  8701 | D:8      | Found the +3 hat of Pondering {ponderous, Will+ MP+10
                  | Int+5}
  8948 | D:8      | Found a large runed translucent door.
  8948 | D:8      | Found a large runed translucent door.
  8949 | D:8      | Noticed fragbeetle's ghost (novice HOCA)
  8989 | D:8      | Noticed Erica
  9006 | D:8      | Killed Erica
  9026 | D:8      | Noticed Prince Ribbit
  9176 | D:8      | Killed Prince Ribbit
  9327 | D:8      | Found Yhyquem's Self-Improvement Boutique.
 10473 | D:9      | Reached skill level 11 in Axes
 10686 | D:9      | Reached skill level 10 in Throwing
 10756 | D:9      | Found a staircase to the Lair.
 11306 | D:3      | Bought an ichor-stained chain mail for 190 gold pieces
 11306 | D:3      | Identified the +1 chain mail of Urghimes {Fly rPois rC+
                  | Slay-2 Stlth+} (You bought it in a shop on level 3 of the
                  | Dungeon)
 11419 | D:10     | Entered Level 10 of the Dungeon
 11916 | D:10     | Found an ancient bone altar of Kikubaaqudgha.
 12316 | D:10     | Found a hazy altar of Hepliaklqana.
 12898 | D:11     | Killed a two-headed ogre
 13398 | D:11     | Noticed a cyclops
 13409 | D:11     | Killed a cyclops
 13410 | D:11     | Gained mutation: Your movements are slightly less
                  | encumbered by armour. (ER -2) [demonic ancestry]
 13410 | D:11     | Reached XP level 11. HP: 58/75 MP: 8/11
 13841 | D:11     | Noticed a two-headed ogre
 13862 | D:11     | Killed a two-headed ogre
 14200 | Lair:1   | Entered Level 1 of the Lair of Beasts
 14222 | Lair:1   | Reached skill level 12 in Axes
 14934 | Lair:1   | Noticed Maggie
 15284 | Lair:1   | Noticed Maggie
 15284 | Lair:1   | Maggie changed into Maggie the worm
 15289 | Lair:1   | Killed Maggie the worm
 15983 | D:9      | Found a staircase to the Lair.
 17322 | Lair:1   | Noticed a five-headed hydra
 17330 | Lair:1   | Killed a three-headed hydra
 17789 | Lair:1   | Reached skill level 13 in Axes
 19394 | Lair:2   | Gained mutation: When low on magic, you restore magic in
                  | place of health. [demonic ancestry]
 19394 | Lair:2   | Reached XP level 12. HP: 81/81 MP: 12/12
 20308 | Lair:2   | Reached skill level 14 in Axes
 20603 | Lair:2   | Noticed a six-headed hydra
 20648 | Lair:2   | Killed a one-headed hydra
 21320 | Lair:2   | Found a staircase to the Swamp.
 22330 | Lair:3   | Noticed Snorg
 22630 | Lair:3   | Identified a scroll of acquirement
 22630 | Lair:3   | Acquired a manual of Armour
 23379 | Lair:3   | Found a runed translucent gate.
 23380 | Lair:3   | Found a runed translucent gate.
 23381 | Lair:3   | Found a runed translucent gate.
 23491 | Lair:3   | Reached skill level 5 in Armour
 23504 | Lair:3   | Reached skill level 15 in Axes
 24340 | Lair:3   | Noticed a seven-headed hydra
 24380 | Lair:3   | Killed a three-headed hydra
 24514 | Lair:3   | Found a hole to the Spider Nest.
 24696 | Lair:3   | Noticed Lupesig's ghost (journeyman MiFi)
 24696 | Lair:3   | Noticed Ruicvywi's ghost (journeyman OgTm)
 24798 | Lair:3   | Reached * piety under Trog
 25283 | Lair:4   | Identified the +0 leather armour of Lodamu {rC+ SInv}
 25493 | Lair:4   | Reached XP level 13. HP: 61/86 MP: 13/13
 26410 | Lair:4   | Identified the amulet of Risuwni {Acrobat Contam Str+7}
 27075 | Lair:5   | Noticed Rupert
 28826 | D:12     | Reached skill level 10 in Armour
 28841 | D:12     | Reached skill level 16 in Axes
 29093 | D:12     | Noticed Kirke
 29122 | D:12     | Noticed a sphinx
 29124 | D:12     | Killed Kirke
 29645 | D:12     | Found a staircase to the Orcish Mines.
 29834 | Orc:1    | Entered Level 1 of the Orcish Mines
 30159 | Orc:1    | Paralysed by an orc sorcerer for 4 turns
 32138 | Lair:6   | Entered Level 6 of the Lair of Beasts
 33269 | Lair:6   | Gained mutation: Your movements are less encumbered by
                  | armour. (ER -4) [demonic ancestry]
 33269 | Lair:6   | Reached XP level 14. HP: 93/93 MP: 14/14
 33501 | Lair:6   | Reached skill level 17 in Axes
 34001 | Lair:6   | Reached *** piety under Trog
 34898 | Lair:6   | Reached skill level 18 in Axes
 35737 | Lair:6   | Found a viscous altar of Jiyva.
 35737 | Lair:6   | Found a staircase to the Slime Pits.
 38189 | D:13     | You are sucked into a shaft and drop 1 floor!
 38371 | D:13     | Reached skill level 19 in Axes
 39161 | Orc:2    | Entered Level 2 of the Orcish Mines
 40147 | Orc:2    | Gained mutation: You regenerate health from kills. [demonic
                  | ancestry]
 40147 | Orc:2    | Reached XP level 15. HP: 98/98 MP: 15/15
 40512 | Orc:2    | Found Isumof's Weapon Shoppe.
 40525 | Orc:2    | Found Pext's Antique Weapon Shop.
 40531 | Orc:2    | Found Cops's Armour Emporium.
 40532 | Orc:2    | Found Plog's Antique Weapon Shoppe.
 41271 | Orc:2    | Found a staircase to the Elven Halls.
 42960 | D:14     | Reached skill level 20 in Axes
 43332 | D:14     | Found a gate to the Vaults.
 44066 | D:15     | Entered Level 15 of the Dungeon
 44066 | D:15     | Found a gate leading to a gauntlet.
 44074 | Gauntlet | Entered a Gauntlet
 44074 | Gauntlet | Found a transporter.
 44074 | Gauntlet | Found a transporter.
 44092 | Gauntlet | Found a transporter.
 44105 | Gauntlet | Found a transporter.
 44105 | Gauntlet | Found a transporter.
 44107 | Gauntlet | Found a transporter.
 44107 | Gauntlet | Found a transporter.
 44119 | Gauntlet | Found a transporter.
 44136 | Gauntlet | Found a transporter.
 44146 | Gauntlet | Found a transporter.
 44160 | Gauntlet | Found a transporter.
 44177 | Gauntlet | Found a transporter.
 44182 | Gauntlet | Found a transporter.
 44207 | Gauntlet | Found a transporter.
 44515 | Gauntlet | Identified the +0 helmet "Xenicw" {rC+}
 44533 | Gauntlet | Reached **** piety under Trog
 44611 | Gauntlet | Identified the +1 scale mail of Wrong Decisions {Will+
                  | Str+2 Dex+3}
 45628 | D:15     | Found a shadowy altar of Dithmenos.
 45645 | D:15     | Paralysed by something for 3 turns
 45796 | D:15     | Reached skill level 21 in Axes
 46593 | D:15     | Noticed a sphinx
 46606 | D:15     | Killed a sphinx
 47262 | D:15     | Found a staircase to the Depths.
 47459 | Swamp:1  | Entered Level 1 of the Swamp
 47778 | Swamp:1  | Noticed Mlioglotl
 47789 | Swamp:1  | Noticed a dread lich
 47808 | Swamp:1  | Noticed a tentacled starspawn
 47814 | Swamp:1  | Paralysed by accursed screaming for 1 turns
 47818 | Lair:2   | Noticed a bone dragon
 48384 | Lair:2   | Noticed an Executioner
 48658 | Lair:2   | Found a staircase to the Swamp.
 48733 | Lair:2   | Noticed a bone dragon
 48741 | Lair:2   | Killed Mlioglotl
 49899 | Lair:2   | Reached XP level 16. HP: 98/104 MP: 13/16
 52858 | Swamp:2  | Found a sparkling altar of Nemelex Xobeh.
 53207 | Swamp:2  | Identified the ring of the Albatross {Will+ Dex+2}
 53829 | Swamp:2  | Found a runed translucent gate.
 53848 | Swamp:2  | Found a runed translucent gate.
 53859 | Swamp:2  | Found a runed translucent gate.
 53861 | Swamp:2  | Noticed ardl's ghost (adept VSVM)
 53861 | Swamp:2  | Noticed Maossif's ghost (adept MfMo)
 53862 | Swamp:2  | Noticed Xonepos's ghost (adept MiFi)
 53862 | Swamp:2  | Noticed Juher's ghost (adept DDFi)
 55399 | Elf:1    | Entered Level 1 of the Elven Halls
 55472 | Elf:1    | Found Gofauclu's Antique Weapon Shoppe.
 56007 | Elf:1    | HP: 5/108 [something (8)]
 56008 | Elf:1    | HP: 2/108 [something (3)]
 56008 | Elf:1    | Slain by a deep elf knight

Illustrated notes

Levels and vault maps discovered:
D:1:      lordsloth_arrival_two_stooges, layout_basic, grunt_decor_fettered,
          minmay_misc_feat_diagonals, nicolae_concentric_dashed_squares_wild
D:2:      layout_rooms, hangedman_decor_clover_reticule
D:3:      layout_basic, serial_shops, shop, kennysheep_path_1
D:4:      layout_rooms, temple_doors_e, uniq_duvessa, uniq_ijyb
D:5:      layout_loops_cross, nicolae_uskayaw_suspiria, item_on_display_a
D:6:      layout_rooms, nicolae_overflow_hidden_temple, grunt_ministairs_6
D:7:      layout_loops_ring, nicolae_ru_awakened_eye, palyth_stone_intersect,
          minmay_misc_feat_alley, minivault_27, uniq_joseph
D:8:      layout_loops_ring, ebering_ghost_disaster_area,
          nicolae_shop_self_help, uniq_harold, uniq_erica, uniq_prince_ribbit1
D:9:      layout_grid_maze, grunt_lair_entry_orc_guard_hut
D:10:     layout_loops_cross, mainiacjoe_overflow_alcove_2,
          kennysheep_little_box
D:11:     layout_rooms, lemuel_flamethrower_hall
D:12:     layout_grid_maze, orc_0_dummy, dreamdust_deal_with_the_devil,
          kennysheep_generic_room_15, uniq_kirke
D:13:     layout_basic
D:14:     layout_rooms, skrybe_vaults_entry_preservation,
          small_statue_intersection
D:15:     grunt_enter_depths_magical_seal, layout_rooms, gauntlet_entry_generic,
          nicolae_dithmenos_shadow_blocks, minmay_radiant
Temple:   dshaligram_water_room_temple
Lair:1:   layout_small_grid, minivault_27, grunt_forest_small_clearing_treed,
          uniq_maggie
Lair:2:   layout_cave_pods, swamp_mist_pool
Lair:3:   layout_cave_pods, dummy_spider_entry, gammafunk_ghost_cemetery,
          beast_lair_carwin_4, uniq_snorg
Lair:4:   layout_loops_ring, serial_forest, infiniplex_forest_clump_long,
          infiniplex_forest_clump_small, infiniplex_forest_3_way,
          infiniplex_forest_lined_1
Lair:5:   layout_roguey, grunt_forest_stairs_basic, uniq_rupert
Lair:6:   minmay_lair_end_frog_pond, layout_small_grid,
          dpeg_slime_entry_enclosed_altar
Swamp:1:  layout_basic_swamp, evilmike_swamp_ruin_house_5, uniq_mlioglotl
Swamp:2:  layout_falls_marsh, gammafunk_ghost_cemetery, nicolae_swamp_godswood,
          swamp_pool1, nicolae_swamp_wisp_ring_woods
Orc:1:    layout_diamond_mine
Orc:2:    st_orc_open, layout_caves
Elf:1:    minmay_elf_arrival_plus, layout_loops_cross, serial_shops,
          nicolae_diamond_shop, enter_trove_5, minmay_elf_demonology,
          grunt_ministairs_11, uniq_jorgrun

Skill      XL: |  1  2  3  4  5  6  7  8  9 10 11 12 13 14 15 16 |
---------------+-------------------------------------------------+-----
Axes           | 3 4 5 6 7 8 10 11 13 15 16 19 21 | 21.9
Throwing       | 1 2 3 5 7 8 10 12 | 12.8
Armour         | 7 12 | 12.7
Dodging        | 3 |  3.9
Fighting       | 4 |  4.8

Action                   |  1- 3 |  4- 6 |  7- 9 | 10-12 | 13-15 | 16-18 || total
-------------------------+-------+-------+-------+-------+-------+-------++-------
Melee: Hand axe          |   106 |    70 |       |       |       |    35 ||   211
       Touch             |     2 |    16 |    19 |    26 |     9 |    10 ||    82
       Punch             |     1 |     1 |     1 |     2 |     2 |     2 ||     9
       War axe           |       |    19 |   137 |   144 |       |       ||   300
       Battleaxe         |       |       |       |   597 |  1294 |   368 ||  2259
       Scimitar          |       |       |       |    18 |    54 |       ||    72
Throw: Stone             |       |     3 |       |   145 |   141 |       ||   289
       Dart              |       |     4 |     4 |    26 |   120 |    16 ||   170
       Boomerang         |       |     4 |   126 |    23 |    13 |       ||   166
       Throwing net      |       |       |       |     3 |       |       ||     3
       Javelin           |       |       |       |       |     6 |       ||     6
Invok: Berserk           |     6 |     6 |     9 |    34 |    61 |    17 ||   133
       Trog's Hand       |       |       |       |     6 |     1 |     2 ||     9
       Brothers in Arms  |       |       |       |       |     3 |       ||     3
Evoke: Wand              |       |     5 |     7 |    74 |    42 |     1 ||   129
  Use: Scroll            |       |       |     3 |    22 |    17 |     9 ||    51
       Potion            |       |       |       |    12 |     6 |     5 ||    23
 Stab: Sleeping          |       |       |     1 |       |     2 |       ||     3
       Paralysed         |       |       |       |     7 |       |       ||     7
       Distracted        |       |       |       |     1 |     3 |     1 ||     5
       Held in net/web   |       |       |       |     1 |       |       ||     1
       Invisible         |       |       |       |       |     3 |       ||     3
Armor: Animal skin       |    24 |    11 |    20 |       |       |       ||    55
       Robe              |       |       |       |    64 |       |       ||    64
       Chain mail        |       |       |       |   314 |   635 |   235 ||  1184
       Leather armour    |       |       |       |       |    43 |       ||    43
Dodge: Dodged            |    69 |    56 |    74 |   377 |   790 |   185 ||  1551
Block: Other             |    31 |    28 |    18 |   205 |    56 |       ||   338
       Reflection        |       |       |       |       |     1 |       ||     1

Table legend: (Time is in decaauts)
 A = Elapsed time spent in this place.
 B = Non-inter-level travel time spent in this place.
 C = Inter-level travel time spent in this place.
 D = Time resting spent in this place.
 E = Time spent auto-exploring this place.
 F = Levels seen in this place.
 G = Mean time per level.
                   A        B        C        D        E       F      G
               +--------+--------+--------+--------+--------+-----+--------+
         Total |  56904 |  53296 |   3608 |  25603 |  19416 |  28 | 2032.3 |
       Dungeon |  26753 |  24707 |   2046 |  10488 |  10513 |  15 | 1783.5 |
        Temple |    126 |    126 |      0 |    124 |      0 |   1 |  126.0 |
          Lair |  20523 |  19353 |   1170 |  10083 |   6560 |   6 | 3420.5 |
         Swamp |   4115 |   3942 |    173 |   2005 |   1276 |   2 | 2057.5 |
  Orcish Mines |   4129 |   3912 |    217 |   2431 |    894 |   2 | 2064.5 |
   Elven Halls |    620 |    620 |      0 |    325 |    138 |   1 |  620.0 |
      Gauntlet |    635 |    635 |      0 |    145 |     35 |   1 |  635.0 |
               +--------+--------+--------+--------+--------+-----+--------+

Top non-repeatable levels by time:
  Lair:2: 6655 daAuts
  Lair:1: 3879 daAuts
     D:9: 3871 daAuts
  Lair:6: 3591 daAuts
    D:12: 3093 daAuts
   Orc:1: 2958 daAuts
  Lair:3: 2747 daAuts
    D:13: 2577 daAuts
 Swamp:1: 2422 daAuts
    D:14: 2239 daAuts
  Lair:4: 2214 daAuts
    D:11: 1733 daAuts
 Swamp:2: 1693 daAuts
     D:7: 1679 daAuts
    D:10: 1565 daAuts
